 Dungeon Crawl Stone Soup version 0.25-a0-435-g4b9beb1 (webtiles) character file.

Game seed: 18096625146670053416, levelgen mode: deterministic

3362 2tousent the Martial Artist (level 9, 0/64 HPs)
             Began as a Grey Draconian Transmuter on Jan 27, 2020.
             Was an Initiate of Ru.
             Killed by divine providence
             ... invoked by an orc priest
              (10 damage)
             ... on level 7 of the Dungeon.
             The game lasted 00:22:27 (8016 turns).

2tousent the Martial Artist (DrTm)                  Turns: 8016, Time: 00:22:27

Health: 0/64       AC:  2    Str: 14    XL:     9   Next: 73%
Magic:  16/17      EV: 21    Int: 13    God:    Ru [......]
Gold:   404        SH:  0    Dex: 19    Spells: 8/19 levels left

rFire    . . .     SeeInvis .     - Unarmed
rCold    . . .     Gourm    .   (shield currently unavailable)
rNeg     . . .     Faith    .   (armour unavailable)
rPois    x         Spirit   .   (helmet currently unavailable)
rElec    .         Reflect  .   (cloak currently unavailable)
rCorr    +         Harm     .   (gloves currently unavailable)
MR       .....                  (boots currently unavailable)
Stlth    ++........             r - amulet of magic regeneration
HPRegen  0.20/turn              g - ring of resist corrosion
MPRegen  0.40/turn              (no ring)

@: spider-form (expiring)
A: tiny, (walk through water), unfitting armour, AC +12
a: End Transformation, Renounce Religion


You were on level 7 of the Dungeon.
You worshipped Ru.
Ru was noncommittal.
You were not hungry.
You were a venomous arachnid creature.
You visited 2 branches of the dungeon, and saw 8 of its levels.
You also visited: Sewer.

You collected 509 gold pieces.
You spent 105 gold pieces at shops.

Inventory:

Missiles
 a - 62 arrows
Jewellery
 e - an uncursed amulet of faith
 g - a ring of resist corrosion (left front leg)
 r - an amulet of magic regeneration (around neck)
 y - an uncursed ring of magical power {unknown}
Wands
 m - a wand of random effects (24)
Scrolls
 h - 3 scrolls of remove curse
 i - 2 scrolls of noise
 k - 3 scrolls of immolation {unknown}
 l - 4 scrolls of teleportation
 s - 2 scrolls of fog
 t - a scroll of enchant weapon {unknown}
 v - a scroll of magic mapping
 w - 2 scrolls of amnesia
 x - a scroll of identify
 A - a scroll of fear
Potions
 b - 2 potions of might
 d - a potion of magic {unknown}
 f - a potion of cancellation
 j - 3 potions of haste
 n - 4 potions of lignification
 o - 5 potions of curing
 p - 3 potions of heal wounds
 q - a potion of flight {unknown}
 u - 2 potions of agility
 z - a potion of mutation {unknown}
Comestibles
 c - 7 rations
 B - 5 chunks of flesh


   Skills:
 - Level 1.1 Fighting
 - Level 3.0 Dodging
 * Level 9.2 Unarmed Combat
 + Level 5.8 Spellcasting
 * Level 8.9 Transmutations


You had 8 spell levels left.
You knew the following spells:

 Your Spells              Type           Power        Failure   Level  Hunger
a - Blade Hands           Tmut           ####......   28%         5    ######.
b - Spider Form           Tmut/Pois      ###.......   22%         3    ###....
c - Sticks to Snakes      Tmut           ####....     4%          2    ##.....
x - Beastly Appendage     Tmut           ####..       3%          1    None

Your spell library contained the following spells:

 Spells                   Type           Power        Failure   Level  Hunger
 Corona                   Hex            #......      36%         1    None
 Foxfire                  Conj/Fire      #...         36%         1    None
 Magic Dart               Conj           #...         36%         1    None
 Searing Ray              Conj           #.....       47%         2    ##.....
 Slow                     Hex            #.......     47%         2    ##.....
 Ice Form                 Ice/Tmut       ###.....     47%         4    ####...
 Dazzling Flash           Conj/Hex       #.....       67%         3    ###....
 Inner Flame              Hex/Fire       #.......     67%         3    ###....
 Portal Projectile        Hex/Tloc       #.....       67%         3    ###....
 Cause Fear               Hex            #.........   95%         4    ####...
 Fulminant Prism          Conj/Hex       #.........   95%         4    ####...
 Iskenderun's Mystic Bla  Conj/Tloc      #.......     95%         4    ####...
 Leda's Liquefaction      Hex/Erth       #.........   95%         4    ####...


Dungeon Overview and Level Annotations

Branches:
Dungeon (7/15)             Temple (1/1) D:7           Sewer (visited)

Altars:
Ashenzari
Cheibriados
Dithmenos
Elyvilon
Fedhas
Hepliaklqana
Kikubaaqudgha
Makhleb
Nemelex Xobeh
Okawaru
Qazlal
Ru
Sif Muna
Trog
Uskayaw
Vehumet
Wu Jian
Xom
Yredelemnul
Zin
The Shining One

Shops:
D:5 (   D:6 ?

Annotations:
D:4 3 runed translucent doors, malesh's ghost, novice GrFi


Innate Abilities, Weirdness & Mutations

((You can walk through water.))
((Your dull iron-grey scales are very hard. (AC +12)))
You cannot fit into any form of body armour.
((You can survive without breathing.))
((You are cold-blooded and may be slowed by cold attacks.))


Message History

The orc warrior closely misses you.
You hit the orc warrior.
The orc warrior looks as sick as possible!
The orc warrior is severely wounded.
The orc warrior hits you with a +0 war axe!!
* * * LOW HITPOINT WARNING * * *
You bite the orc warrior!
You kill the orc warrior!
You barely miss the orc wizard.
The orc wizard is lightly wounded.
The orc priest calls down the wrath of Beogh upon you.
Beogh smites you!
* * * LOW HITPOINT WARNING * * *
The orc wizard misses you.
You hit the orc wizard.
The orc wizard is moderately wounded.
Your transformation is almost over.
The orc priest invokes the aid of Beogh against you.
Beogh smites you!
You die...

######### ........#
........# ........#
........# ........#
........#
.......g############
.......gggos..#....######
......go#####)..........#
#####..##
###....###..#### #..
##..## #...... ##.
.######.## #...##. #.
.........# ##..##. #..#
#.......# #..>.# #...
#......# #..#.#
...##......# #..#..


You could see a gnoll shaman, an orc priest, an orc wizard and 4 gnolls.

Vanquished Creatures
  Pikel (D:6)
  Maggie (D:6)
  Sigmund (D:6)
  An ice beast (D:5)
  2 orc warriors
  2 sky beasts (D:6)
  2 phantoms
  3 slaves (D:6)
  3 centaurs
  4 ogres
  A crocodile (Sewer)
  2 bullfrogs (D:6)
  A scorpion (D:5)
  3 killer bees (D:5)
  A howler monkey (D:5)
  4 crimson imps
  A bullfrog skeleton (D:3)
  A bullfrog zombie (D:6)
  3 orc wizards (D:5)
  4 hounds
  A jelly (D:6)
  An iguana (D:7)
  6 worker ants
  A hound zombie (D:4)
  5 adders
  4 shadow imps
  A white imp (D:6)
  An adder zombie (D:7)
  An adder skeleton (D:4)
  9 worms
  A dart slug (D:1)
  6 leopard geckos
  10 orcs
  4 ball pythons
  6 giant cockroaches
  8 goblins
  5 hobgoblins
  7 jackals
  8 kobolds
  4 quokkas
  13 bats
  4 frilled lizards
  A leopard gecko skeleton (D:4)
  A leopard gecko zombie (D:5)
  7 rats
156 creatures vanquished.

Vanquished Creatures (collateral kills)
  An adder (D:2)
  A frilled lizard (D:2)
2 creatures vanquished.

Vanquished Creatures (others)
  A jackal (D:6)
1 creature vanquished.

Grand Total: 159 creatures vanquished

Notes
Turn   | Place    | Note
-------+----------+-------------------------------------------
     0 | D:1      | 2tousent the Draconian Transmuter began the quest for the
                  | Orb.
     0 | D:1      | Reached XP level 1. HP: 16/16 MP: 3/3
   205 | D:1      | Reached XP level 2. HP: 10/23 MP: 3/5
   643 | D:1      | Learned a level 2 spell: Sticks to Snakes
  1211 | D:2      | Reached XP level 3. HP: 18/28 MP: 6/6
  1470 | D:2      | Learned a level 3 spell: Spider Form
  1857 | D:2      | Reached XP level 4. HP: 25/35 MP: 1/7
  2369 | D:3      | Noticed a centaur
  2377 | D:3      | Killed a centaur
  2377 | D:3      | Reached skill level 4 in Unarmed Combat
  2377 | D:3      | Reached XP level 5. HP: 31/40 MP: 0/9
  2520 | D:3      | Noticed a phantom
  2554 | D:3      | Killed a phantom
  2554 | D:3      | Reached XP level 6. HP: 18/47 MP: 3/10
  4168 | D:4      | Found a glowing drain.
  4177 | Sewer    | Entered a sewer
  4393 | Sewer    | Reached skill level 5 in Unarmed Combat
  4562 | D:4      | Learned a level 5 spell: Blade Hands
  4699 | D:4      | Found a runed translucent gate.
  4699 | D:4      | Found a runed translucent gate.
  4700 | D:4      | Found a runed translucent gate.
  4701 | D:4      | Noticed malesh's ghost (novice GrFi)
  4943 | D:5      | Entered Level 5 of the Dungeon
  5002 | D:5      | Your scales start taking on a dull iron-grey colour.
  5002 | D:5      | Reached XP level 7. HP: 47/52 MP: 9/12
  5002 | D:5      | Gained mutation: You can survive without breathing. [Grey
                  | Draconian growth]
  5028 | D:5      | Reached skill level 5 in Transmutations
  5038 | D:5      | Found Riprit's Antique Weapon Shop.
  5268 | D:5      | Reached skill level 6 in Unarmed Combat
  5416 | D:5      | Found a shimmering blue altar of Sif Muna.
  5462 | D:5      | Identified Sif Muna's Grimoire of Fire
  5514 | D:5      | Reached XP level 8. HP: 40/59 MP: 14/14
  6139 | D:6      | Noticed Sigmund
  6153 | D:6      | Killed Sigmund
  6158 | D:6      | Reached skill level 7 in Unarmed Combat
  6256 | D:6      | Found Ifeopeki's Magic Scroll Boutique.
  6264 | D:6      | Bought a scroll of amnesia for 49 gold pieces
  6264 | D:6      | Bought a scroll of identify for 28 gold pieces
  6264 | D:6      | Bought a scroll of identify for 28 gold pieces
  6310 | D:6      | Noticed Pikel
  6331 | D:6      | Killed Pikel
  6427 | D:6      | Reached skill level 5 in Spellcasting
  6427 | D:6      | Reached XP level 9. HP: 41/64 MP: 13/16
  6578 | D:6      | Noticed Maggie
  6591 | D:6      | Killed Maggie
  6591 | D:6      | Reached skill level 8 in Unarmed Combat
  7561 | D:7      | Found a staircase to the Ecumenical Temple.
  7576 | Temple   | Entered the Ecumenical Temple
  7692 | Temple   | Became a worshipper of Ru the Awakened
  7745 | D:7      | Reached skill level 9 in Unarmed Combat
  8016 | D:7      | Killed from afar by an orc priest

Levels and vault maps discovered:
D:1:      sevenhm_arrival_forest_fort_large_1, layout_loops_cross,
          serial_park_tiny_1
D:2:      layout_basic, kennysheep_big_empty_room
D:3:      layout_basic, first_ration
D:4:      layout_loops_corners, cheibrodos_sewer_entry_bend,
          gammafunk_ghost_necromancy
D:5:      layout_loops_cross, serial_shops, nicolae_shop_overgrown_old_shop,
          led_sif_book
D:6:      minmay_octagon_keep, layout_loops_ring, serial_shops, shop_fountains,
          minmay_fire_ice_demons, uniq_maggie, uniq_sigmund, uniq_pikel
D:7:      layout_rooms, minmay_temple_entry_sparse_star, tgw_trog, uniq_menkaure
Temple:   kilobyte_greek_temple

Skill      XL: |  1  2  3  4  5  6  7  8  9 |
---------------+----------------------------+-----
Transmutations | 3 4 5 7 8 |  8.9
Dodging        | 2 3 |  3.0
Unarmed Combat | 4 5 6 7 9 |  9.2
Spellcasting   | 3 4 5 |  5.8
Fighting       | |  1.1

Action                   |  1- 3 |  4- 6 |  7- 9 || total
-------------------------+-------+-------+-------++-------
Melee: Unarmed           |   130 |   211 |   261 ||   602
       Tailslap          |    16 |    21 |    11 ||    48
       Punch             |     3 |       |     2 ||     5
       Kick              |     3 |       |       ||     3
 Cast: Beastly Appendage |     9 |       |       ||     9
       Sticks to Snakes  |     3 |       |       ||     3
       Spider Form       |     2 |    18 |    23 ||    43
       Blade Hands       |       |       |     5 ||     5
Evoke: Wand              |       |       |     1 ||     1
  Use: Scroll            |       |    15 |     2 ||    17
       Potion            |       |     1 |       ||     1
 Stab: Sleeping          |     2 |       |     2 ||     4
  Eat: Chunk             |     3 |    13 |     8 ||    24
       Ration            |       |       |     2 ||     2
Armor: Skin              |    33 |    48 |    35 ||   116
Dodge: Dodged            |    82 |   139 |   203 ||   424

Table legend:
 A = Non-vault XP
 B = Vault XP
 C = Vault XP percentage of total XP
 D = Non-vault monster count
 E = Vault monster count
 F = Vault count percentage of total count
                 A         B        C        D         E       F
            +---------+---------+-------+---------+---------+-------
      Total |    2795 |    2008 |  41.8 |     126 |      29 |  18.7
            +---------+---------+-------+---------+---------+-------
        D:1 |      28 |       4 |  12.5 |      16 |       3 |  15.8
        D:2 |      75 |       0 |   0.0 |      21 |       0 |   0.0
        D:3 |     373 |       0 |   0.0 |      34 |       0 |   0.0
        D:4 |     105 |      10 |   8.7 |       6 |       2 |  25.0
        D:5 |     846 |      79 |   8.5 |      21 |       2 |   8.7
        D:6 |     829 |    1807 |  68.6 |      15 |      16 |  51.6
        D:7 |     539 |       0 |   0.0 |      13 |       0 |   0.0
      Sewer |       0 |     108 | 100.0 |       0 |       6 | 100.0
            +---------+---------+-------+---------+---------+-------
